 Seeded DCSS version 0.26.1-2-gb8aa6d0cf2 (webtiles) character file.

Game seed: 13580442721858370627 (custom seed)

669 jmmainvi the Covert (level 7, -3/32 HPs)
             Began as a Spriggan Enchanter on Feb 15, 2021.
             Killed by nerve-wracking pain
             ... invoked by an orc priest
              (14 damage)
             ... on level 6 of the Dungeon.
             The game lasted 00:18:54 (6298 turns).

jmmainvi the Covert (Spriggan Enchanter)            Turns: 6298, Time: 00:18:55

Health: -3/32      AC:  3    Str:  4    XL:     7   Next: 32%
Magic:  1/12       EV: 18    Int: 18    God:
Gold:   158        SH:  0    Dex: 17    Spells: 9/12 levels left

rFire    + . .     SeeInvis +   a - +2 dagger (speed)
rCold    + . .     Faith    .   (shield restricted)
rNeg     . . .     Spirit   .   w - +1 robe {rC+}
rPois    .         Reflect  .   (helmet restricted)
rElec    .         Harm     .   r - scarf {shadows}
rCorr    +         Rampage  .   (gloves unavailable)
Will     +....                  (boots unavailable)
Stlth    ++++......             e - amulet of the acrobat
HPRegen  0.10/turn              f - ring of protection from fire
MPRegen  0.13/turn              l - ring of resist corrosion

@: brilliant, very quick
A: very small, unfitting armour, see invisible, speed 3
a: no special abilities


You were on level 6 of the Dungeon.
You visited 2 branches of the dungeon, and saw 7 of its levels.

You collected 158 gold pieces.

Inventory:

Hand Weapons
 a - a +2 dagger of speed (weapon)
Missiles
 h - 7 datura-tipped darts
Armour
 q - a +2 cloak
 r - a scarf of shadows (worn)
 w - a +1 robe of cold resistance (worn)
Jewellery
 e - an amulet of the acrobat (around neck)
 f - a ring of protection from fire (left hand)
 l - a ring of resist corrosion (right hand)
Wands
 i - a wand of random effects (10)
Scrolls
 b - a scroll of enchant weapon {unknown}
 d - 7 scrolls of identify {unknown}
 g - 3 scrolls of teleportation {unknown}
 j - a scroll of blinking {unknown}
 k - a scroll of magic mapping {unknown}
 n - 2 scrolls of random uselessness {unknown}
 p - a scroll of enchant armour {unknown}
 t - a scroll of amnesia {unknown}
Potions
 c - a potion of might {unknown}
 m - a potion of resistance {unknown}
 o - a potion of heal wounds {unknown}
 s - a potion of brilliance
 u - 2 potions of curing {unknown}
 v - a potion of mutation {unknown}


   Skills:
 - Level 1.4 Short Blades
 - Level 3.2 Dodging
 + Level 8.3 Stealth
 - Level 3.0 Spellcasting
 + Level 6.5 Hexes
 + Level 3.4 Ice Magic


You had 9 spell levels left.
You knew the following spells:

 Your Spells              Type           Power        Failure   Level
a - Corona                Hex            28%          1%          1
b - Ensorcelled Hibernat  Hex/Ice        40%          3%          2

Your spell library contained the following spells:

 Spells                   Type           Power        Failure   Level
 Confusing Touch          Hex            26%          3%          3
 Tukima's Dance           Hex            26%          3%          3
 Dazzling Flash           Conj/Hex       28%          13%         3


Dungeon Overview and Level Annotations

Branches:
Dungeon (6/15)             Temple (1/1) D:6

Altars:
Cheibriados
Dithmenos
Elyvilon
Hepliaklqana
Kikubaaqudgha
Makhleb
Okawaru
Qazlal
Ru
Sif Muna
Trog
Uskayaw
Vehumet
Wu Jian
Xom
Yredelemnul
Zin
The Shining One

Annotations:
D:3 2 transporters, Alvadar's ghost, amateur DECj
D:4 Dowan, Duvessa
D:6 1 exclusion


Innate Abilities, Weirdness & Mutations

You are very small and have problems with some larger weapons.
You are too small for most types of armour.
You have supernaturally acute eyesight. (SInv)
You cover ground extremely quickly.


Message History

You hit the orc priest.
The orc priest is heavily wounded.
You hit the orc priest but do no damage.
The orc priest is heavily wounded.
The orc priest hits you with a +1 whip of freezing.
You hit the orc priest but do no damage.
The orc priest is heavily wounded.
The orc priest barely misses you.
You barely miss the orc priest.
The orc priest is heavily wounded.
You hit the orc priest.
The orc priest is severely wounded.
The orc priest completely misses you.
You completely miss the orc priest.
The orc priest is severely wounded.
You barely miss the orc priest.
The orc priest is severely wounded.
The orc priest invokes the aid of Beogh against you.
Pain shoots through your body!
You die...

...###..##.#######..#####
...###..##.###.###..#
.................#...
.................#...
.................'
#######.###'##..#
#'###.##..#########
.'.................#
.#........o@.......#
#######'###..##..##
#..######### ....# .....#
.##.### o# ### ..


You could see an orc priest.

Vanquished Creatures
  2 ogres
  2 bullfrogs
  A howler monkey (D:6)
  A hound (D:6)
  3 worker ants
  An iguana (D:4)
  12 adders
  A howler monkey skeleton (D:6)
  A shadow imp (D:6)
  A white imp (D:5)
  2 oozes
  An adder skeleton (D:6)
  3 dart slugs
  4 leopard geckos
  4 orcs (D:3)
  6 bats
  6 giant cockroaches
  6 goblins
  2 hobgoblins
  2 jackals (D:6)
  A quokka (D:3)
  2 frilled lizards (D:4)
  4 kobolds
  A leopard gecko skeleton (D:4)
  4 rats
73 creatures vanquished.

Vanquished Creatures (others)
  6 plants (D:3)
6 creatures vanquished.

Grand Total: 79 creatures vanquished

Notes
Turn   | Place    | Note
-------+----------+-------------------------------------------
     0 | D:1      | jmmainvi the Spriggan Enchanter began the quest for the
                  | Orb.
     0 | D:1      | Reached XP level 1. HP: 9/9 MP: 5/5
   381 | D:1      | Reached XP level 2. HP: 13/13 MP: 6/6
   384 | D:1      | Learned a level 2 spell: Ensorcelled Hibernation
  1096 | D:2      | Reached skill level 5 in Stealth
  1096 | D:2      | Reached XP level 3. HP: 16/16 MP: 4/8
  1327 | D:3      | Reached skill level 1 in Ice Magic
  1523 | D:3      | Found a faded altar of an unknown god.
  1658 | D:3      | Reached XP level 4. HP: 21/21 MP: 0/9
  2115 | D:3      | Found a bloodstained altar of Trog.
  2757 | D:3      | Found a transporter.
  2810 | D:3      | Noticed a gnoll sergeant
  2836 | D:3      | Found a transporter.
  2964 | D:3      | Reached skill level 6 in Stealth
  2964 | D:3      | Reached XP level 5. HP: 16/24 MP: 1/10
  3118 | D:4      | Noticed a phantom
  3617 | D:4      | Noticed Duvessa
  3617 | D:4      | Noticed Dowan
  3672 | D:3      | Reached skill level 5 in Hexes
  3771 | D:3      | Noticed Alvadar's ghost (amateur DECj)
  4204 | D:5      | Entered Level 5 of the Dungeon
  4204 | D:5      | Noticed an ogre
  4215 | D:4      | Reached XP level 6. HP: 19/28 MP: 2/11
  4358 | D:4      | Reached skill level 7 in Stealth
  4951 | D:5      | Found a shimmering altar of Xom.
  5049 | D:6      | Reached XP level 7. HP: 32/32 MP: 10/12
  5109 | D:6      | Reached skill level 8 in Stealth
  5423 | D:6      | Found a staircase to the Ecumenical Temple.
  5428 | Temple   | Entered the Ecumenical Temple
  6034 | D:6      | Found an ornate altar of the Wu Jian Council.
  6298 | D:6      | Killed from afar by an orc priest

Illustrated notes

Levels and vault maps discovered:
D:1:      minmay_arrival_four_loops, layout_loops_corners,
          nemelex_diamond_rough_becter
D:2:      layout_basic, minmay_crystal_room
D:3:      minmay_razor_zed, layout_basic, gammafunk_ghost_gnarly_gnolls,
          chequers_ecumenical_altar_twisty, trog_three_pillars_becter
D:4:      cheibrodos_quashed, layout_basic, moated_statue, uniq_duvessa
D:5:      lemuel_ratsnest, layout_loops_cross, led_xom_imps
D:6:      layout_gridville, temple_doors_cd, basic_altar, nrook_campfire
Temple:   dpeg_five_rooms_temple

Skill      XL: |  1  2  3  4  5  6  7 |
---------------+----------------------+-----
Spellcasting   | 3 |  3.0
Hexes          | 4 5 6 |  6.5
Stealth        | 5 6 7 8 |  8.3
Ice Magic      | 1 2 3 |  3.4
Short Blades   | |  1.4
Dodging        | |  3.2

Action                   |  1- 3 |  4- 6 |  7- 9 || total
-------------------------+-------+-------+-------++-------
Melee: Dagger            |    50 |    58 |    33 ||   141
 Cast: Corona            |     4 |     1 |     1 ||     6
       Ensorcelled Hiber |    14 |    53 |    13 ||    80
  Use: Potion            |       |       |     1 ||     1
 Stab: Sleeping          |    15 |    38 |     8 ||    61
Armor: Robe              |     7 |     3 |       ||    10
Dodge: Dodged            |    56 |    48 |    18 ||   122
